 Dungeon Crawl Stone Soup version 0.28.0 (webtiles) character file.

Game seed: 11538269669065541316

2 Esekla the Sneak (level 1, -6/19 HPs)
             Began as a Barachi Delver on Feb 16, 2022.
             Mangled by a gnoll (7 damage)
             ... on level 4 of the Dungeon.
             The game lasted 00:00:53 (53 turns).

Esekla the Sneak (Barachi Delver)                     Turns: 53, Time: 00:00:54

Health: -6/19      AC:  4    Str: 13    XL:     1   Next: 30%
Magic:  1/1        EV: 12    Int: 10    God:
Gold:   15         SH:  0    Dex: 13    Spells: 0/0 levels left

rFire   . . .      SeeInvis .   a - +0 falchion
rCold   . . .      Faith    .   (no shield)
rNeg    . . .      Spirit   .   b - +0 leather armour
rPois   .          Reflect  .   (no helmet)
rElec   .          Harm     .   (no cloak)
rCorr   .          Rampage  .   h - +0 pair of gloves
Will    .....                   (no boots)
Stlth   ++........              (no amulet)
HPRegen 0.06/turn               (no ring)
MPRegen 0.07/turn               (no ring)

@: unable to hop, slow
A: amphibious, slowness 1, strong legs 1, +LOS
a: Hop


You were on level 4 of the Dungeon.
You visited 1 branch of the dungeon, and saw 3 of its levels.

You collected 15 gold pieces.

Inventory:

Hand Weapons
 a - a +0 falchion (weapon)
Armour
 b - a +0 leather armour (worn)
 h - a +0 pair of gloves (worn)
Magical Staves
 i - a staff of death
Wands
 g - a wand of digging (3)
Scrolls
 c - a scroll of fog
 d - a scroll of magic mapping
 e - a scroll of fear
Potions
 f - a potion of haste


   Skills:
 * Level 3.7 Fighting
 * Level 2.4 Long Blades
 * Level 0.1 Armour
 + Level 2.2 Dodging
 - Level 4.5 Stealth
 * Level 0.1 Spellcasting


You couldn't memorise any spells.
You didn't know any spells.
Your spell library contained the following spells:

 Spells                   Type           Power      Damage    Failure   Level
 Beastly Appendage        Tmut           0%         N/A       43%         1
 Wereblood                Tmut           0%         N/A       58%         2
 Spider Form              Tmut/Pois      0%         N/A       82%         3


Dungeon Overview and Level Annotations

Branches:
Dungeon (5/15)
 Temple: D:4-7

Altars:


Innate Abilities, Weirdness & Mutations

You are amphibious.
You cover ground slowly.
You can hop short distances.
You have an extended range of vision and can be seen from far away.


Message History

The orc is heavily wounded.
A hound comes into view.
The orc closely misses you.
The hound barks!
You hit the orc.
You kill the orc!
A giant cockroach comes into view.
A hobgoblin comes into view.
The hobgoblin shouts!
There is a stone staircase leading up here.
You climb upwards.
The gnoll shouts!
The ball python hisses angrily.
The gnoll shouts! x3
You hear a shout! x2
Found 17 stones, 11 gold pieces and a ring mail.
Found a stone staircase leading down and a stone staircase leading up.
There is a stone staircase leading down here.
The gnoll barely misses you. The gnoll misses you.
You climb downwards.
The hound closely misses you. The hound bites you.
There is a stone staircase leading up here.
The gnoll shouts!
The hound bites you but does no damage. The gnoll hits you with a +0 spear.
The hobgoblin hits you. The hound misses you.
The gnoll hits you from afar with a +0 spear.
* * * LOW HITPOINT WARNING * * *
You see here a book of Changes.
You pick up a book of Changes and begin reading...
You add the spells Beastly Appendage, Wereblood and Spider Form to your library.
The hound bites you.
* * * LOW HITPOINT WARNING * * *
The hobgoblin hits you.
* * * LOW HITPOINT WARNING * * *
The gnoll completely misses you. The gnoll closely misses you.
Hop to where?
Press: ? - help, Dir - move target 2 gnolls come into view.
Boing!
The gnoll shouts!
The gnoll hits you from afar with a +0 spear!
You die...

##.............
..............
#.............
##...........g.
##..............
#...........gB..
####...............
........)..........
#...>@..g......
#..............
######....ggg.......
........<.g.........
#.......g.h.........
..........○..#.....#
.....(...#.#########
.........#.#
.........#..


You could see a hound, 6 gnolls, a giant cockroach (wandering) and 2 hobgoblins.

Vanquished Creatures
  An orc (D:4)
1 creature vanquished.

Notes
Turn   | Place    | Note
-------+----------+-------------------------------------------
     0 | D:5      | Esekla the Barachi Delver began the quest for the Orb.
     0 | D:5      | Reached XP level 1. HP: 18/18 MP: 1/1
    31 | D:5      | Noticed a howler monkey
    40 | D:4      | Noticed a hound
    53 | D:4      | Mangled by a gnoll

Illustrated notes

Levels and vault maps discovered:
D:3:      layout_rooms, uniq_jessica, uniq_terence
D:4:      layout_rooms, minmay_temple_entry_tees, hex_intersection
D:5:      layout_loops_corners

Action                   || total
-------------------------++-------
Melee: Falchion          ||     3
 Abil: Hop               ||     1
Armor: Leather armour    ||     2
Dodge: Dodged            ||     7
